 Dungeon Crawl Stone Soup version 0.32-a0-705-g60f233581c (webtiles) character file.

Game seed: 17061072756214303321

343 BeKind the Shield-Bearer (level 6, -1/43 HPs)
             Began as an Octopode Fighter on Mar 15, 2024.
             Was an Initiate of Gozag.
             Slain by a sky beast (6 damage)
             ... on level 6 of the Dungeon.
             The game lasted 00:06:05 (3269 turns).

BeKind the Shield-Bearer (Octopode Fighter)         Turns: 3269, Time: 00:06:06

Health: -1/43      AC:  1    Str: 15    XL:     6   Next: 57%
Magic:  9/9        EV: 17    Int: 12    God:    Gozag
Gold:   355        SH:  5    Dex: 12    Spells: 6/9 levels left

rFire   . . .        a - +0 trident
rCold   . . .        b - +0 buckler
rNeg    . . .        (helmet restricted)
rPois   .            u - amulet of magic regeneration
rElec   .            e - +5 ring of evasion
rCorr   .            (no ring)
SInv    .            (no ring)
Will    .....        (no ring)
Stlth   ++           (no ring)
HPRegen 0.27/turn    (no ring)
MPRegen 0.51/turn    (no ring)
                     (no ring)

%: no passive effects
@: mighty
A: almost no armour, amphibious, 8 rings, camouflage 1, gelatinous body 1,
(nimble swimmer 1), tentacles
a: Renounce Religion, Potion Petition, Call Merchant, Bribe Branch


You were on level 6 of the Dungeon.
You worshipped Gozag.
Gozag was aware of your devotion.
You visited 1 branch of the dungeon, and saw 6 of its levels.

You collected 355 gold pieces.

Inventory:

Hand Weapons
 a - a +0 trident (weapon)
 n - a +0 sling
Armour
 b - a +0 buckler (worn)
Jewellery
 e - a +5 ring of evasion (left tentacle)
 o - an amulet of guardian spirit
 t - an amulet of the acrobat
 u - an amulet of magic regeneration (around mantle)
Wands
 x - a wand of flame (21)
Scrolls
 f - a scroll of identify {unknown}
 h - 2 scrolls of teleportation {unknown}
 i - a scroll of noise {unknown}
 k - a scroll of poison {unknown}
 l - 2 scrolls of enchant weapon {unknown}
 m - a scroll of amnesia {unknown}
 q - a scroll of fog {unknown}
 r - a scroll of revelation {unknown}
 s - a scroll of silence {unknown}
 v - a scroll of blinking {unknown}
Potions
 c - a potion of might
 d - a potion of enlightenment {unknown}
 g - 2 potions of degeneration {unknown}
 j - 3 potions of curing {unknown}
 p - a potion of attraction {unknown}
 w - 2 potions of lignification {unknown}
 z - 2 potions of magic {unknown}


   Skills:
 - Level 4.0 Fighting
 - Level 3.0 Polearms
 - Level 3.0 Dodging
 + Level 5.2 Shields
 + Level 2.4 Spellcasting
 + Level 1.1 Summonings


You had 6 spell levels left.
You knew the following spells:

 Your Spells              Type           Power      Damage    Failure   Level
a - Summon Ice Beast      Ice/Summ       2%         N/A       61%         3

Your spell library contained the following spells:

 Spells                   Type           Power      Damage    Failure   Level
 Hailstorm                Conj/Ice       1%         3d5       69%         3
 Permafrost Eruption      Ice/Erth       0%         2x4d2     100%        6
 Sculpt Simulacrum        Ice/Alch       0%         N/A       100%        6


Dungeon Overview and Level Annotations

Branches:
Dungeon (6/15)
 Temple: D:4-7

Altars:
Gozag
Makhleb
Ru

Annotations:
D:5 Dowan


Innate Abilities, Weirdness & Mutations

You cannot wear most types of armour.
You are amphibious.
You can wear up to eight rings at the same time.
Your skin changes colour to match your surroundings (Stealth+).
Your rubbery body absorbs attacks. (AC +1, EV +1)
((You are camouflaged when in or above water. (Stealth+)))
You have tentacles for arms and can constrict up to eight enemies at once.


Message History

There is an open door here.
You open the door.
There is an open door here.
A sky beast is nearby!
The sky beast flickers out of sight!
Deactivating autopickup; reactivate with Ctrl-A.
An orc comes into view. It is wielding a +0 club.
An orc is nearby!
An orc is nearby!
An orc is nearby!
An orc is nearby!
Found 2 bubbling emerald potions.
An orc is nearby!
An orc is nearby!
An orc comes into view. It is wielding a +0 dagger.
Something hits you. Something shocks you.
The orc shouts!
You hear a shout!
The orc shouts!
An orc comes into view. It is wielding a +0 whip.
An orc comes into view. It is wielding a +0 hand axe.
The orc shouts!
Something hits you. Something shocks you.
There is a stone staircase leading down here.
You climb downwards.
Reactivating autopickup.
There is a stone staircase leading up here.
You start resting.
Something barely misses you. Something hits you. Something shocks you.
Deactivating autopickup; reactivate with Ctrl-A.
Okay, then.
Something hits you. Something shocks you.
* * * LOW HITPOINT WARNING * * *
Okay, then.
You are too injured to fight recklessly!
You feel very mighty all of a sudden. Something barely misses you.
You closely miss something. Something hits you.
* * * LOW HITPOINT WARNING * * *
Something shocks you.
You die...
Your body crumbles into a pile of gold.

#######
#.@.<.#
#...{........
#.............
#.............
#.............
#.............
#.............
#.............


There were no monsters in sight!

Vanquished Creatures
  A scorpion (D:4)
  A hound (D:4)
  2 iguanas
  Natasha (thrice) (D:2)
  9 adders
  A dart slug (D:2)
  2 ribbon worms (D:2)
  2 orcs (D:4)
  6 ball pythons
  2 endoplasms
  2 giant cockroaches
  6 goblins
  3 hobgoblins
  3 quokkas
  6 bats
  A frilled lizard (D:1)
  4 kobolds
  A rat (D:1)
55 creatures vanquished.

Notes
Turn   | Place    | Note
-------+----------+-------------------------------------------
     0 | D:1      | BeKind the Octopode Fighter began the quest for the Orb.
     0 | D:1      | Reached XP level 1. HP: 16/16 MP: 1/1
   446 | D:1      | Reached XP level 2. HP: 21/21 MP: 2/2
   898 | D:2      | Reached XP level 3. HP: 12/26 MP: 3/3
  1072 | D:2      | Noticed Natasha
  1076 | D:2      | Killed Natasha
  1126 | D:2      | Noticed Natasha
  1128 | D:2      | Reached XP level 4. HP: 27/33 MP: 4/4
  1132 | D:2      | Killed Natasha
  1622 | D:2      | Noticed Natasha
  1630 | D:2      | Killed Natasha
  1631 | D:2      | Reached skill level 4 in Shields
  1641 | D:2      | Learned a level 3 spell: Summon Ice Beast
  1725 | D:3      | Reached XP level 5. HP: 37/37 MP: 5/5
  2041 | D:3      | Found a faded altar of an unknown god.
  2081 | D:3      | Reached skill level 1 in Spellcasting
  2085 | D:3      | Prayed at the altar of an unknown god.
  2085 | D:3      | Became a worshipper of Gozag Ym Sagoz the Greedy
  2205 | D:3      | Found a faded altar of an unknown god.
  2227 | D:3      | Found a burning altar of Makhleb.
  2381 | D:4      | Reached skill level 5 in Shields
  2381 | D:4      | Reached XP level 6. HP: 31/43 MP: 7/9
  2776 | D:5      | Entered Level 5 of the Dungeon
  2797 | D:5      | Noticed Dowan
  2822 | D:5      | Found a sacrificial altar of Ru.
  3006 | D:5      | Noticed a sky beast
  3024 | D:5      | Reached skill level 1 in Summonings
  3269 | D:6      | Slain by a sky beast

Illustrated notes

Levels and vault maps discovered:
D:1:      nzn_arrival_settlement, layout_loops_ring, corexii_leaking_fountain,
          nicolae_kite_square_tiling_tiny
D:2:      wander_river, layout_loops_corners, uniq_natasha
D:3:      layout_basic, nicolae_overflow_ecumenical_swirl,
          nicolae_ecumenical_snake_handling
D:4:      layout_rooms
D:5:      layout_gridville, mainiacjoe_overflow_catwalk, uniq_duvessa
D:6:      layout_rooms, serial_shops, nicolae_shop_competitors_out_of_business,
          kennysheep_generic_room_9

Skill      XL: |  1  2  3  4  5  6 |
---------------+-------------------+-----
Polearms       | 3 |  3.0
Fighting       | 4 |  4.0
Shields        | 4 5 |  5.2
Spellcasting   | 2 |  2.4
Summonings     | 1 |  1.1
Dodging        | |  3.0

Action                     |  1- 3 |  4- 6 || total
---------------------------+-------+-------++-------
  Melee: Trident           |    57 |    91 ||   148
         Tentacles         |     3 |    15 ||    18
         Constrict         |     9 |    18 ||    27
    Use: Potion            |       |     1 ||     1
   Stab: Sleeping          |     8 |     8 ||    16
 Armour: Skin              |    11 |    27 ||    38
  Dodge: Dodged            |    30 |    53 ||    83
  Block: Buckler           |    10 |    21 ||    31

Table legend: (Time is in decaauts)
 A = Elapsed time spent in this place.
 B = Non-inter-level travel time spent in this place.
 C = Inter-level travel time spent in this place.
 D = Time resting spent in this place.
 E = Time spent auto-exploring this place.
 F = Levels seen in this place.
 G = Mean time per level.
                   A        B        C        D        E       F      G
               +--------+--------+--------+--------+--------+-----+--------+
         Total |   3295 |   3221 |     74 |      0 |   2569 |   6 |  549.2 |
       Dungeon |   3295 |   3221 |     74 |      0 |   2569 |   6 |  549.2 |
               +--------+--------+--------+--------+--------+-----+--------+

Top non-repeatable levels by time:
     D:2: 1001 daAuts
     D:1: 682 daAuts
     D:3: 613 daAuts
     D:4: 509 daAuts
     D:5: 483 daAuts
     D:6: 4 daAuts
